 Dungeon Crawl Stone Soup version 0.23.2-40-g277498a001 (webtiles) character file.

Game seed: 3901375101996746486

9988 ponobo the Cleaver (level 11, -5/101 HPs)
             Began as a Minotaur Berserker on Oct 18, 2019.
             Was a High Priest of Trog.
             Slain by a komodo dragon (9 damage)
             ... on level 1 of the Lair of Beasts.
             The game lasted 00:36:12 (9031 turns).

ponobo the Cleaver (Minotaur Berserker)             Turns: 9031, Time: 00:36:12

Health: -5/101     AC: 13    Str: 22    XL:     11   Next: 30%
Magic:  10/10      EV: 15    Int:  4    God:    Trog [*****.]
Gold:   812        SH:  0    Dex: 13    Spells: 10/10 levels left

rFire    . . .     SeeInvis .   M - +2 war axe (drain)
rCold    . . .     Gourm    .   (no shield)
rNeg     + . .     Faith    +   a - +2 scale mail {MR+}
rPois    +         Spirit   .   (helmet restricted)
rElec    .         Reflect  .   (no cloak)
rCorr    .         Harm     .   (no gloves)
MR       +....                  g - +1 pair of boots
Stlth    ..........             v - amulet of faith
HPRegen  0.26/turn              k - ring of poison resistance
MPRegen  0.12/turn              t - ring of positive energy

@: no status effects
A: retaliatory headbutt, horns 2
a: Berserk, Trog's Hand, Brothers in Arms, Renounce Religion


You were on level 1 of the Lair of Beasts.
You worshipped Trog.
Trog was extremely pleased with you.
You were very hungry.

You visited 3 branches of the dungeon, and saw 13 of its levels.

You collected 994 gold pieces.
You spent 182 gold pieces at shops.

Inventory:

Hand Weapons
 w - a +0 war axe
 z - the +9 rapier of Havoc {pierce, rElec, unknown}
   (You found it on level 4 of the Dungeon)

   It inflicts extra damage upon your enemies.
   It insulates you from electricity.
 E - a +2 vampiric hand axe
 J - a +2 flail of protection
 L - the +7 broad axe "Gaempom" {vamp, Str+2}
   (Trog gifted it to you on level 9 of the Dungeon)

   It inflicts no extra harm, but heals its wielder when it wounds a living foe.
   It affects your strength (+2).
 M - a +2 war axe of draining (weapon)
Armour
 a - a +2 scale mail of magic resistance (worn)
 g - a +1 pair of boots (worn)
Jewellery
 k - a ring of poison resistance (left hand)
 o - an uncursed ring of protection from fire
 t - a ring of positive energy (right hand)
 v - an amulet of faith (around neck)
Wands
 j - a wand of random effects (13)
 H - a wand of iceblast (12)
 I - a wand of flame (35)
Scrolls
 h - 2 scrolls of remove curse
 n - 3 scrolls of magic mapping
 p - 3 scrolls of identify
 q - 2 scrolls of enchant armour {unknown}
 u - a scroll of noise {unknown}
 x - a scroll of immolation {unknown}
 y - 5 scrolls of teleportation {unknown}
 B - a scroll of enchant weapon {unknown}
 C - a scroll of fog {unknown}
 D - 3 scrolls of fear {unknown}
 F - 2 scrolls of holy word {unknown}
 K - a scroll of blinking {unknown}
Potions
 b - 2 potions of invisibility {unknown}
 d - 9 potions of curing
 e - 2 potions of brilliance {unknown}
 f - 2 potions of haste
 i - 2 potions of heal wounds
 l - 3 potions of lignification {unknown}
 m - a potion of agility {unknown}
 r - a potion of cancellation {unknown}
 s - 5 potions of degeneration
 A - 2 potions of might
 G - a potion of magic {unknown}
Comestibles
 c - 25 rations


   Skills:
 + Level 10.3 Fighting
 * Level 13.3 Axes
 + Level 9.9 Armour
 + Level 9.2 Dodging


You had 10 spell levels left.
You didn't know any spells.
Your spell library was empty.

Dungeon Overview and Level Annotations

Branches:
Dungeon (11/15)            Temple (1/1) D:6            Lair (1/6) D:11
    Orc (0/2) D:11

Altars:
Ashenzari
Cheibriados
Elyvilon
Fedhas
Gozag
Nemelex Xobeh
Okawaru
Qazlal
Ru
Sif Muna
Zin

Shops:
D:4 =   D:6 [   D:7 *   D:9 (


Innate Abilities, Weirdness & Mutations

You reflexively headbutt those who attack you in melee.
You have a pair of horns on your head.


Message History

You feel yourself slow down.
You are feeling very hungry.
You feel yourself speed up.
You recover from your berserk rage.
Some of the chunks of flesh in your inventory have rotted away.
All of the chunks of flesh in your inventory have rotted away.
A komodo dragon comes into view.
The komodo dragon hisses angrily.
The komodo dragon hisses menacingly.
The komodo dragon bites you!! The komodo dragon closely misses you.
You furiously retaliate!
You headbutt the komodo dragon. The komodo dragon bites you!!
* * * LOW HITPOINT WARNING * * *
The komodo dragon bites you!!
* * * LOW HITPOINT WARNING * * *
The komodo dragon bites you!
* * * LOW HITPOINT WARNING * * *
The komodo dragon bites you!
You die...

...... ......# .....
....... ...... .......
.....# .......####.....#
............... ..
.........#.#.###..
.......†@l........ ..
........#.####...#.##..
......................
...##.##.....#.#.#..##..
........................
. ..#.#..#..P.#.#.......
........................
####.......###.....#.#PP
.....................


You could see a komodo dragon.

Vanquished Creatures
  2 two-headed ogres
  2 rime drakes (Lair:1)
  2 trolls (D:9)
  5 blink frogs (Lair:1)
  A meliai zombie (D:10)
  A vampire (D:11)
  A shadow (D:9)
  A wyvern (D:9)
  A wraith (D:11)
  Eustachio (D:5)
  A hungry ghost (D:11)
  Menkaure (D:7)
  2 water moccasins
  An orc warrior (D:11)
  2 ice beasts
  2 phantoms
  5 ogres
  2 black bears
  3 wolves (Lair:1)
  10 centaurs
  A crocodile (D:8)
  3 big kobolds
  A gnoll sergeant (D:8)
  3 bullfrogs
  A wyvern skeleton (D:11)
  6 scorpions
  14 killer bees
  5 wights (D:11)
  2 howler monkeys
  5 crimson imps
  A quasit (D:11)
  5 orc priests
  4 hounds
  15 orc wizards
  A centaur skeleton (D:7)
  An iguana (D:11)
  5 worker ants
  2 hound skeletons
  A howler monkey zombie (D:10)
  3 worker ant zombies
  19 gnolls
  17 adders
  A shadow imp (D:7)
  An ooze (D:1)
  An adder zombie (D:5)
  3 worms
  A dart slug (D:6)
  11 leopard geckos
  40 orcs
  11 bats
  6 giant cockroaches
  4 hobgoblins
  13 jackals
  5 quokkas
  4 ball pythons
  4 frilled lizards
  7 goblins
  17 kobolds
  2 leopard gecko skeletons
  4 rats
296 creatures vanquished.

Vanquished Creatures (others)
  3 fungi (D:10)
3 creatures vanquished.

Grand Total: 299 creatures vanquished

Notes
Turn   | Place    | Note
-------+----------+-------------------------------------------
     0 | D:1      | ponobo the Minotaur Berserker began the quest for the Orb.
     0 | D:1      | Reached XP level 1. HP: 19/19 MP: 0/0
   101 | D:1      | Reached XP level 2. HP: 25/27 MP: 1/1
   154 | D:1      | Reached skill level 4 in Axes
   359 | D:1      | Reached XP level 3. HP: 27/33 MP: 2/2
   747 | D:2      | Reached ** piety under Trog
   860 | D:2      | Reached XP level 4. HP: 25/41 MP: 3/3
  1328 | D:3      | Reached XP level 5. HP: 47/47 MP: 4/4
  1406 | D:3      | Reached skill level 5 in Axes
  1734 | D:3      | Reached skill level 5 in Fighting
  1814 | D:3      | Reached *** piety under Trog
  1814 | D:3      | Reached XP level 6. HP: 56/56 MP: 5/5
  1919 | D:3      | Found an opulent altar of Gozag.
  1934 | D:3      | Found a sparkling altar of Nemelex Xobeh.
  2137 | D:4      | Got a translucent rapier
  2231 | D:4      | Reached skill level 6 in Axes
  2467 | D:4      | Reached XP level 7. HP: 47/61 MP: 6/6
  2522 | D:4      | Found Pupsit's Jewellery Boutique.
  2954 | D:4      | Reached skill level 5 in Armour
  2967 | D:4      | Reached skill level 7 in Axes
  3181 | D:5      | Entered Level 5 of the Dungeon
  3182 | D:5      | Reached skill level 5 in Dodging
  3217 | D:5      | Reached **** piety under Trog
  3285 | D:5      | Reached XP level 8. HP: 70/70 MP: 7/7
  3290 | D:5      | Noticed Eustachio
  3303 | D:5      | Killed Eustachio
  3357 | D:5      | Reached skill level 8 in Axes
  3987 | D:6      | Found a staircase to the Ecumenical Temple.
  4192 | D:6      | Found a sacrificial altar of Ru.
  4233 | D:6      | Found Rudgheoq's Antique Armour Shoppe.
  4239 | D:6      | Bought a runed scale mail for 182 gold pieces
  4399 | D:6      | Reached skill level 9 in Axes
  4462 | D:6      | Found a snail-covered altar of Cheibriados.
  4710 | Temple   | Entered the Ecumenical Temple
  4780 | D:7      | Reached XP level 9. HP: 74/79 MP: 8/8
  4781 | D:7      | Reached ***** piety under Trog
  4812 | D:7      | Noticed Menkaure
  4831 | D:7      | Killed Menkaure
  5175 | D:7      | Found Juhuh's Serpentskin Sales.
  5177 | D:7      | Reached skill level 10 in Axes
  5993 | D:8      | Reached skill level 11 in Axes
  6284 | D:9      | Reached XP level 10. HP: 79/90 MP: 9/9
  6302 | D:9      | Found a deep blue altar of Sif Muna.
  6302 | D:9      | Found a glowing silver altar of Zin.
  6303 | D:9      | Found a stormy altar of Qazlal.
  6326 | D:9      | Received a gift from Trog
  6423 | D:9      | Found a shattered altar of Ashenzari.
  6449 | D:9      | Got a jewelled broad axe {god gift}
  6476 | D:9      | Identified the +7 broad axe "Gaempom" {vamp, Str+2} (Trog
                  | gifted it to you on level 9 of the Dungeon)
  6700 | D:9      | Found Meaf Irche's Antique Weapon Shoppe.
  6822 | D:10     | Entered Level 10 of the Dungeon
  6822 | D:10     | Noticed a two-headed ogre
  6832 | D:10     | Killed a two-headed ogre
  7014 | D:10     | Reached skill level 12 in Axes
  7745 | D:11     | Found a staircase to the Lair.
  8022 | D:11     | Noticed a two-headed ogre
  8030 | D:11     | Killed a two-headed ogre
  8062 | D:11     | Reached XP level 11. HP: 36/99 MP: 10/10
  8153 | D:11     | Found a staircase to the Orcish Mines.
  8194 | D:11     | Reached skill level 10 in Fighting
  8447 | D:11     | Received a gift from Trog
  8750 | Lair:1   | Entered Level 1 of the Lair of Beasts
  8777 | Lair:1   | Reached skill level 13 in Axes
  9030 | Lair:1   | HP: 4/101 [komodo dragon (7)]
  9031 | Lair:1   | Slain by a komodo dragon

Skill      XL: |  1  2  3  4  5  6  7  8  9 10 11 |
---------------+----------------------------------+-----
Axes           | 4 5 6 7 9 11 12 13 | 13.3
Fighting       | 4 5 6 7 8 9 10 | 10.3
Armour         | 3 4 5 6 8 9 |  9.9
Dodging        | 3 4 5 6 7 8 9 |  9.2

Action                   |  1- 3 |  4- 6 |  7- 9 | 10-12 || total
-------------------------+-------+-------+-------+-------++-------
Melee: Hand axe          |    80 |   107 |       |       ||   187
       Headbutt          |    10 |    22 |    67 |    39 ||   138
       War axe           |       |    17 |   139 |    38 ||   194
       Battleaxe         |       |       |   185 |    13 ||   198
       Broad axe         |       |       |       |   148 ||   148
Invok: Berserk           |     1 |     1 |     3 |     4 ||     9
       Trog's Hand       |       |     1 |     1 |     2 ||     4
  Use: Scroll            |     1 |       |     7 |       ||     8
       Potion            |       |       |       |     1 ||     1
  Eat: Chunk             |     1 |     7 |    16 |    11 ||    35
       Ration            |       |       |       |     2 ||     2
Armor: Animal skin       |    14 |       |       |       ||    14
       Ring mail         |    16 |    11 |       |       ||    27
       Scale mail        |       |    34 |   138 |    90 ||   262
Dodge: Dodged            |    58 |    65 |   263 |   154 ||   540
